 Seeded DCSS version 0.30-a0-845-g7c6808c8ce (webtiles) character file.

Game seed: 13338583382288176038 (custom seed)

77 bmack86 the Shield-Bearer (level 4, -1/40 HPs)
             Began as a Minotaur Fighter on Mar 2, 2023.
             Slain by a gnoll
             ... wielding a +0 flail
              (3 damage)
             ... on level 3 of the Dungeon.
             The game lasted 00:03:24 (1513 turns).

bmack86 the Shield-Bearer (Minotaur Fighter)        Turns: 1513, Time: 00:03:25

Health: -1/40      AC:  8    Str: 23    XL:     4   Next: 13%
Magic:  3/3        EV:  9    Int:  5    God:
Gold:   178        SH:  4    Dex:  9    Spells: 3/3 levels left

rFire   . . .      SeeInvis .    a - +0 war axe
rCold   . . .      Faith    .    c - +0 buckler
rNeg    . . .      Spirit   .    b - +0 scale mail
rPois   +          Reflect  .    (helmet restricted)
rElec   .          Rampage  .    (no cloak)
rCorr   .                        (no gloves)
Will    .....                    l - +0 pair of boots Stlth
                                 (no amulet)
HPRegen 0.26/turn                p - ring of poison resistance
MPRegen 0.08/turn                (no ring)

@: no status effects
A: horns 2, retaliatory headbutt
a: no special abilities


You were on level 3 of the Dungeon.
You visited 1 branch of the dungeon, and saw 3 of its levels.

You collected 178 gold pieces.

Inventory:

Hand Weapons
 a - a +0 war axe (weapon)
 j - a +0 short sword
Missiles
 g - 3 poisoned darts (quivered)
Armour
 b - a +0 scale mail (worn)
 c - a +0 buckler (worn)
 l - a +0 pair of boots (worn)
Jewellery
 p - a ring of poison resistance (left hand)
Scrolls
 f - a scroll of teleportation
 h - a scroll of fear {unknown}
 i - 2 scrolls of torment {unknown}
 m - a scroll of identify {unknown}
 o - a scroll of vulnerability {unknown}
Potions
 d - 2 potions of might
 e - 3 potions of mutation {unknown}
 k - a potion of flight {unknown}
 n - 4 potions of lignification {unknown}


   Skills:
 + Level 4.2 Fighting
 * Level 3.9 Axes
 + Level 4.2 Armour
 + Level 4.2 Shields


You had 3 spell levels left.
You didn't know any spells.
Your spell library was empty.

Dungeon Overview and Level Annotations

Branches:
Dungeon (3/15)

Altars:


Innate Abilities, Weirdness & Mutations

You have a pair of horns on your head.
You reflexively headbutt those who attack you in melee.


Message History

i - 2 scrolls labelled KATORA FEOCHU (gained 1)
Things that are here:
a +0 club; a stone; a kobold corpse
p - a ring of poison resistance
p - a ring of poison resistance (left hand)
Found 5 stones. 3 gnolls come into view.
A gnoll is wielding a +2 spear of flaming.
The gnoll shouts! x3
A gnoll comes into view. It is wielding a +0 halberd.
Found a stone staircase leading down.
The gnoll shouts!
The gnoll hits you with a +0 flail.
You hit the gnoll. Your headbutt misses the gnoll.
The gnoll is moderately wounded.
The gnoll hits you with a +0 flail. The gnoll hits you but does no damage.
The gnoll barely misses you.
The gnoll hits you from afar with a +2 spear of flaming.
The gnoll burns you.
You hit the gnoll. Your headbutt misses the gnoll.
The gnoll is heavily wounded.
The gnoll hits you with a +0 flail!
The gnoll hits you from afar with a +2 spear of flaming.
* * * LOW HITPOINT WARNING * * *
The gnoll burns you.
* * * LOW HITPOINT WARNING * * *
You slash the gnoll!
You kill the gnoll!
The gnoll hits you but does no damage.
You have reached level 4!
You feel stronger.
You slash the gnoll! You headbutt the gnoll.
The gnoll is severely wounded.
You block the gnoll's attack. x2
The gnoll hits you from afar with a +2 spear of flaming.
* * * LOW HITPOINT WARNING * * *
The gnoll burns you.
* * * LOW HITPOINT WARNING * * *
The gnoll hits you with a +0 flail.
You die... ###..## #..# .#..>## #..# ......# #..# ..... #..# .... #..# ### #gg

#..###.## # #g#
#..##...##
#(#@######..#.....##
#...................
................#.......
#######.#######.##...#.#
#.# #.###.##.# #.# #.#
#.##.# #.# #.# #.##.#
#.# ... .....# #.# #.# .
###


You could see 3 gnolls.

Vanquished Creatures
  2 gnolls
  2 adders (D:2)
  A dart slug (D:2)
  2 endoplasms
  4 hobgoblins
  2 jackals (D:1)
  4 kobolds
  2 quokkas (D:2)
  3 ball pythons
  A bat (D:3)
  10 frilled lizards
  3 goblins
  5 rats
41 creatures vanquished.

Vanquished Creatures (others)
  3 plants (D:1)
3 creatures vanquished.

Grand Total: 44 creatures vanquished

Notes
Turn   | Place    | Note
-------+----------+-------------------------------------------
     0 | D:1      | bmack86 the Minotaur Fighter began the quest for the Orb.
     0 | D:1      | Reached XP level 1. HP: 19/19 MP: 0/0
   190 | D:1      | HP: 1/20 [gnoll/+0 spear (8)]
   193 | D:1      | Reached XP level 2. HP: 3/27 MP: 1/1
   689 | D:2      | Reached XP level 3. HP: 33/33 MP: 2/2
   994 | D:2      | Identified the +0 ring mail "Boseumuh" {Dex+3 Stlth+}
  1513 | D:3      | Reached XP level 4. HP: 7/40 MP: 3/3
  1513 | D:3      | HP: 2/40 [gnoll/+2 spear of flaming (2)]
  1513 | D:3      | Slain by a gnoll

Illustrated notes

Levels and vault maps discovered:
D:1:      dpeg_arrival_signposts, layout_rooms, minmay_lizard_king
D:2:      layout_loops_ring
D:3:      layout_loops_ring, grunt_ministairs_8

Skill      XL: |  1  2  3 |
---------------+----------+-----
Axes           | 3 |  3.9
Armour         | 4 |  4.2
Fighting       | 4 |  4.2
Shields        | 4 |  4.2

Action                     |  1- 3 |  4- 6 || total
---------------------------+-------+-------++-------
  Melee: War axe           |    95 |     1 ||    96
         Headbutt          |     9 |     1 ||    10
    Use: Scroll            |     2 |       ||     2
 Armour: Scale mail        |    45 |       ||    45
  Dodge: Dodged            |    58 |       ||    58
  Block: Buckler           |    18 |     2 ||    20

Table legend: (Time is in decaauts)
 A = Elapsed time spent in this place.
 B = Non-inter-level travel time spent in this place.
 C = Inter-level travel time spent in this place.
 D = Time resting spent in this place.
 E = Time spent auto-exploring this place.
 F = Levels seen in this place.
 G = Mean time per level.
                   A        B        C        D        E       F      G
               +--------+--------+--------+--------+--------+-----+--------+
         Total |   1547 |   1471 |     76 |      7 |   1043 |   3 |  515.7 |
       Dungeon |   1547 |   1471 |     76 |      7 |   1043 |   3 |  515.7 |
               +--------+--------+--------+--------+--------+-----+--------+

Top non-repeatable levels by time:
     D:2: 699 daAuts
     D:1: 642 daAuts
     D:3: 205 daAuts
